 BcadrenCrawl: Boulder Brew version 0.06-240-gf756cca71e (webtiles) character file.

Game seed: 7920103324113011403, levelgen mode: deterministic

37 gruber the Chiller (level 3, -6/19 HPs) Deep Elf Ice Elementalist. Began on Aug 14, 2022. Mangled by a gnoll ... wielding a +0 hatchet (12 damage) ... on level 1 of the Dungeon. The game lasted 00:01:09 (222 turns).

gruber the Chiller (Deep Elf Ice Elementalist)       Turns: 222, Time: 00:01:10

Health: -6/19      AC:  2    Str:  5    XL:     3 ^: 44
Magic:  3/10       EV: 13    Int: 20    God:
Gold:   55         SH:  0    Dex: 15    Spells: 3/9 levels left

rFire    . . .     Slash    x   (no weapon)
rCold    . . .     Pierce   .   (no weapon)
rNeg     . . .     Bludgeon .   a - +0 robe
rCorr    . . .     Vision   .   (no helmet)
rPois    .         Gourm    .   (no cloak)
rElec    .         Faith    .   (no gloves)
MR       .....     Spirit   .   (no boots)
HPRegen  0.16/turn Reflect  .   (no amulet)
MPRegen  0.20/turn Harm     .   (no ring)
Stlth    ++........             (no ring)

@: very slightly contaminated
A: soft flesh
a: no special abilities


You were on level 1 of the Dungeon.
You were not hungry.

You visited 1 branch of the dungeon, and saw 1 of its levels.

You collected 55 gold pieces.

Inventory:

Armour
 a - a +0 robe (worn)
Jewellery
 b - a cursed amulet of harm {(Curse: MR-)}
Potions
 d - a potion of curing
Comestibles
 c - a ration


   Skills:
 - Level 2.4 Dodging
 - Level 2.4 Stealth
 + Level 3.8 Spellcasting
   Level 1.1 Summonings
 + Level 4.3 Ice Magic


You had 3 spell levels left.
You knew the following spells:

 Your Spells              Type           Power        Failure   Level  Hunger
a - Freeze                Ice            21 (25)      2%          1    0
b - Throw Frost Ice 21 (50) 3% 2 4-44 c - Ozocubu's Armour Chrm/Ice       12 (100)     16%         3    44-104

Your spell library contained the following spells:

 Spells                   Type           Power        Failure   Level  Hunger
 Hailstorm Ice 21 (100) 22% 4 124-224 Throw Icicle Ice 21 (100) 22% 4 124-224 Summon Ice Beast Ice/Summ       14 (100)     38%         4    124-224


Dungeon Overview and Level Annotations

Branches:
Dungeon (1/8)

Altars:
Xom


Innate Abilities, Weirdness & Mutations

Your soft flesh is weak to deep cuts.
Heavy manmade armour will nullify this weakness. (rSlashing-)


Message History

Unknown command.
Casting: Throw Frost (safe; 3% risk of failure)
Confirm with . or Enter, or press ? or * to list all spells.
Aiming: Freeze (safe; 2% risk of failure)
Press: ? - help, Shift-Dir - straight line, f/p - gnoll
Aim: a gnoll, wielding a +0 hatchet and wearing an uncursed ring of ice (93%, 93% to-hit, lightly wounded (11/13), 81% (Melee))
You freeze the gnoll (2).
The gnoll is moderately wounded. (9/13) HP The gnoll hits you with a +0 hatchet (13)!
You are lacerated severely!
Ouch! That really hurt!
Casting: Freeze (safe; 2% risk of failure)
Confirm with . or Enter, or press ? or * to list all spells.
Aiming: Freeze (safe; 2% risk of failure)
Press: ? - help, Shift-Dir - straight line, f/p - gnoll
Aim: a gnoll, wielding a +0 hatchet and wearing an uncursed ring of ice (93%, 93% to-hit, moderately wounded (9/13), 81% (Melee))
You freeze the gnoll (4).
The gnoll is severely wounded. (5/13) HP The gnoll hits you with a +0 hatchet (12)!
You are lacerated severely!
Ouch! That really hurt!
You die...

##### ##...## ##.....## ### ....
#.......# #.# ... #.......# #.#
!. #.......#####.# ## #.#
##........#...###### ##.
#?.###.....##..........###..
#.#.÷....g@..###.####.##...
######...........## #.# #..#...
.......†#........# #..####.#...
#######.##.....#.# ##.#........
#..........##.# #...........
#..†......###.####.^^........
#...#.#.#.#.#.#.#..^_^.......
##....#.#.#.#.#.#....^........
####.####.#.≈≈≈≈≈.#g##..........#


You could see a gnoll.

Vanquished Creatures
  A giant cockroach (D:1)
  A cinder newt (D:1)
  An ooze (D:1)
  A dart slug (D:1)
  4 goblins (D:1)
  A hobgoblin (D:1)
  A rat (D:1)
10 creatures vanquished.

Notes
Turn   | Place    | Note
-------+----------+-------------------------------------------
     0 | D:1      | gruber the Deep Elf Ice Elementalist began the quest for
                  | the Orb.
     0 | D:1      | Reached XP level 1. HP: 10/10 MP: 6/6
    20 | D:1      | Reached XP level 2. HP: 5/15 MP: 2/8
    22 | D:1      | Reached skill level 4 in Ice Magic
   112 | D:1      | Found a shimmering altar of Xom.
   148 | D:1      | Reached XP level 3. HP: 9/19 MP: 8/10
   152 | D:1      | Learned a level 2 spell: Throw Frost
   156 | D:1      | Learned a level 3 spell: Ozocubu's Armour
   222 | D:1      | Mangled by a gnoll

Levels and vault maps discovered:
D:1:      ncdulo_watergridlock, layout_rooms, minmay_misc_feat_secret_circle,
          chequers_serial_rivers_micro_e, ebering_dispersal_statue_hall,
          xom_teletrap_fun

Skill      XL: |  1  2 |
---------------+-------+-----
Ice Magic      | 4 |  4.3
Dodging        | |  2.4
Stealth        | |  2.4
Spellcasting   | |  3.8
Summonings     | |  1.1

Action                   || total
-------------------------++-------
Melee: Unarmed           ||     2
 Cast: Freeze            ||    20
       Throw Frost       ||     1
Armor: Robe              ||     1
Dodge: Dodged            ||     4
